 Dungeon Crawl Stone Soup version 0.31-a0-609-g7bf6ffcfed (webtiles) character file.

Game seed: 15084716763986690122

1778 IdlyInterested the Covered (level 8, -8/60 HPs)
             Began as a Demonspawn Fighter on Aug 21, 2023.
             Mangled by a vampire
             ... wielding a +2 vampiric halberd
              (15 damage)
             ... in a bailey.
             The game lasted 00:21:10 (5983 turns).

IdlyInterested the Covered (Demonspawn Fighter)     Turns: 5983, Time: 00:21:11

Health: -8/60      AC: 18    Str: 18    XL:     8   Next: 81%
Magic:  17/17      EV: 12    Int: 14    God:
Gold:   296        SH:  8    Dex: 12    Spells: 7/7 levels left

rFire   + . .        a - +0 flail
rCold   + + .        c - +0 buckler
rNeg    + + .        w - +2 ring mail of Gahuat {rN++ Will+ Str-2 Int+2}
rPois   +            g - +0 helmet
rElec   +            k - scarf "Vikkueff" {repulsion, Int+3}
rCorr   +            (no gloves)
SInv    .            (no boots)
Will    +....        (no amulet)
Stlth   +            i - ring of protection from cold
HPRegen 0.30/turn    v - ring of magical power
MPRegen 0.15/turn

%: repel missiles
@: resistant, attractive, studying Staves
A: icemail 2, powered by pain 1, sturdy frame 1, condensation shield, bedeviling
a: no special abilities


You were in a bailey.
You visited 1 branch of the dungeon, and saw 6 of its levels.
You also visited: Sewer and Bailey.

You collected 296 gold pieces.

Inventory:

Hand Weapons
 a - a +0 flail (weapon)
 o - the +6 shortbow of the Onslaught {drain, rElec rCorr MP+9}
   (You found it in a sewer)

   rElec:     It insulates you from electricity.
   MP+9:      It affects your magic capacity (+9).
   rCorr:     It protects you from acid and corrosion.
Missiles
 e - 30 stones (quivered)
 f - 5 datura-tipped darts
 y - 6 boomerangs
Armour
 c - a +0 buckler (worn)
 g - a +0 helmet (worn)
 h - a +0 chain mail
 k - the scarf "Vikkueff" (worn) {repulsion, Int+3}
   (You found it on level 2 of the Dungeon)

   Int+3:     It affects your intelligence (+3).
 w - the +2 ring mail of Gahuat (worn) {rN++ Will+ Str-2 Int+2}
   (You found it on level 4 of the Dungeon)

   Str-2:     It affects your strength (-2).
   Int+2:     It affects your intelligence (+2).
   rN++:      It greatly protects you from negative energy.
   Will+:     It increases your willpower.
Jewellery
 b - a ring of protection from cold
 i - a ring of protection from cold (left hand)
 v - a ring of magical power (right hand)
 F - a ring of protection from fire
Wands
 C - a wand of acid (7)
Scrolls
 j - 6 scrolls of identify {unknown}
 n - a scroll of fog
 p - 4 scrolls of blinking
 q - a scroll of teleportation {unknown}
 s - a scroll of immolation {unknown}
 t - a scroll of silence {unknown}
 u - a scroll of brand weapon {unknown}
 z - a scroll of noise {unknown}
 B - a scroll of revelation {unknown}
 D - 2 scrolls of amnesia {unknown}
 E - 2 scrolls of vulnerability {unknown}
Potions
 l - 2 potions of brilliance
 r - a potion of lignification


   Skills:
 - Level 4.0 Fighting
 + Level 4.8 Maces & Flails
 - Level 1.0 Throwing
 * Level 7.9 Armour
 - Level 4.0 Dodging
 - Level 1.0 Stealth
 + Level 3.5 Shields


You had 7 spell levels left.
You didn't know any spells.
Your spell library contained the following spells:

 Spells                   Type           Power      Damage    Failure   Level
 Sandblast                Erth           0%         2d4       43%         1
 Lesser Beckoning         Tloc           0%         N/A       56%         2
 Passwall                 Tmut/Erth      0%         N/A       56%         2
 Gell's Gravitas          Tloc           0%         N/A       80%         3
 Stone Arrow              Conj/Erth      0%         3d7       80%         3
 Teleport Other           Tloc           0%         N/A       80%         3


Dungeon Overview and Level Annotations

Branches:
Dungeon (7/15)              Sewer (visited)          Bailey (1/1)
 Temple: D:4-7

Altars:
Nemelex Xobeh
Wu Jian

Shops:
D:2 :   D:4 [


Innate Abilities, Weirdness & Mutations

A meltable icy envelope protects you from harm. (AC +8)
You sometimes gain a little power by taking damage.
Your movements are slightly less encumbered by armour. (ER -2)
A meltable shield of frost defends you. (SH +4)
Your hexes are more powerful.


Message History

Aim: a vampire, wielding a +2 vampiric halberd and wearing a +0 chain mail (79% to hit)
The bolt of acid hits the vampire.
The vampire is lightly damaged.
Aiming: Corrosive Bolt
Press: ? - help, Shift-Dir - straight line, f/p - vampire
Aim: a vampire, wielding a +2 vampiric halberd and wearing a +0 chain mail (lightly damaged, 79% to hit)
The bolt of acid hits the vampire.
The acid corrodes the vampire!
The vampire is lightly damaged.
The vampire gestures wildly while chanting.
The vampire flickers and vanishes!
Deactivating autopickup; reactivate with Ctrl-A.
Found a glowing ring mail and a yellow potion.
Something hits you. Something bites you but does no damage.
You barely miss something. Something hits you!!
Something bites you but does no damage.
You hit something but do no damage. Something hits you.
Something completely misses you. Something hits you!
Something bites you but does no damage.
You hit something. You block something's attack.
Something bites you but does no damage.
It was a potion of resistance.
You feel protected. Something hits you. Something bites you but does no damage.
You hit something. Something hits you but does no damage.
You block something's attack.
It was a potion of curing.
You feel better. Something hits you! Something bites you but does no damage.
It was a potion of attraction.
You feel attractive to monsters. Something hits you but does no damage.
Something bites you but does no damage.
You barely miss something. Something hits you but does no damage.
Something bites you but does no damage.
You miss something. Something hits you but does no damage.
Something bites you but does no damage.
You hit something. Something hits you.
* * * LOW HITPOINT WARNING * * *
Something bites you!
* * * LOW HITPOINT WARNING * * *
Something hits you!
You die...

#### ÷÷.# ##### ÷.÷#
######...8##
)).#####8.##.... !##
####..8#..#...# [.#
.......#..'..# .:#
.......#..'..####{:#
.......#..#...##@[8#
.♣.♣...#..##.....:##
♣...)..#...##...8##
♣.....##....######
.♣...##..)...8#
♣.♣.##..)##...#
.....#..).##..#
.....##....#).#
......##...#..#


There were no monsters in sight!

Vanquished Creatures
  A gargoyle (Bailey)
  An orc warrior (D:7)
  An ogre (D:5)
  3 bullfrogs
  7 vampire bats (Bailey)
  8 wolf zombies (Bailey)
  An orc priest (D:3)
  A hound (D:5)
  An orc wizard (D:4)
  Robin (D:4)
  4 gnolls
  9 adders
  A river rat (D:3)
  An ufetubus (D:5)
  3 worms
  4 dart slugs
  13 orcs
  20 ball pythons
  12 endoplasms
  15 giant cockroaches
  26 goblins
  10 hobgoblins
  3 jackals (D:4)
  6 kobolds
  10 quokkas
  4 bats
  12 frilled lizards
  21 orc zombies (Bailey)
  9 rats
208 creatures vanquished.

Vanquished Creatures (collateral kills)
  An orc priest (D:3)
  3 gnolls (D:3)
  An orc (D:3)
  A hobgoblin (D:3)
6 creatures vanquished.

Grand Total: 214 creatures vanquished

Notes
Turn   | Place    | Note
-------+----------+-------------------------------------------
     0 | D:1      | IdlyInterested the Demonspawn Fighter began the quest for
                  | the Orb.
     0 | D:1      | Reached XP level 1. HP: 18/18 MP: 1/1
   152 | D:1      | Gained mutation: You sometimes gain a little power by
                  | taking damage. [demonic ancestry]
   152 | D:1      | Reached XP level 2. HP: 22/24 MP: 2/2
   233 | D:1      | Reached skill level 3 in Armour
   365 | D:1      | Reached skill level 1 in Dodging
   573 | D:1      | Gained mutation: A meltable shield of frost defends you.
                  | (SH +4) [demonic ancestry]
   573 | D:1      | Reached XP level 3. HP: 29/29 MP: 3/3
   998 | D:2      | Reached skill level 1 in Stealth
  1024 | D:2      | Identified the scarf "Vikkueff" {repulsion, Int+3}
  1129 | D:2      | Found Aloen's Vocational Training.
  1495 | D:3      | Gained mutation: A meltable icy envelope protects you from
                  | harm. (AC +8) [demonic ancestry]
  1495 | D:3      | Reached XP level 4. HP: 35/35 MP: 4/4
  1629 | D:3      | Reached skill level 1 in Throwing
  1648 | D:3      | Found an ornate altar of the Wu Jian Council.
  1734 | D:3      | Reached skill level 4 in Armour
  1734 | D:3      | Gained mutation: Your movements are slightly less
                  | encumbered by armour. (ER -2) [demonic ancestry]
  1734 | D:3      | Reached XP level 5. HP: 29/41 MP: 5/5
  1835 | D:3      | Found a glowing drain.
  1858 | Sewer    | Entered a sewer
  2376 | Sewer    | Gained mutation: A meltable icy envelope protects you from
                  | harm. (AC +8) [demonic ancestry]
  2376 | Sewer    | Reached XP level 6. HP: 43/47 MP: 6/6
  2392 | Sewer    | Reached skill level 5 in Armour
  2410 | Sewer    | Identified the +6 shortbow of the Onslaught {drain, rElec
                  | rCorr MP+9}
  3129 | D:3      | Found a sparkling altar of Nemelex Xobeh.
  3333 | D:4      | Identified the +2 ring mail of Gahuat {rN++ Will+ Str-2
                  | Int+2}
  3501 | D:4      | Reached XP level 7. HP: 32/52 MP: 7/7
  3937 | D:4      | Noticed Robin
  3956 | D:4      | Killed Robin
  4186 | D:4      | Found Puleohoz's Armour Emporium.
  4524 | D:5      | Entered Level 5 of the Dungeon
  4886 | D:5      | You fall into a shaft and drop 2 floors!
  4943 | D:7      | Reached skill level 6 in Armour
  4974 | D:7      | Found a flagged portal.
  4980 | Bailey   | Entered a bailey
  5261 | Bailey   | Gained mutation: Your hexes are more powerful. [demonic
                  | ancestry]
  5261 | Bailey   | Reached XP level 8. HP: 45/60 MP: 8/8
  5421 | Bailey   | Reached skill level 7 in Armour
  5550 | Bailey   | Noticed a gargoyle
  5562 | Bailey   | Killed a gargoyle
  5983 | Bailey   | Mangled by a vampire

Illustrated notes

Levels and vault maps discovered:
D:1:      dpeg_arrival_pits, layout_loops_cross, nicolae_figureground_pulse
D:2:      layout_rooms, grunt_decor_clamped, nicolae_shop_vocational
D:3:      cheibrodos_greedy_goblins, layout_loops_ring,
          nemelex_spade_bored_becter, mainiacjoe_overflow_cross_hatched,
          portal_sewer_entry_a, chequers_avenue, hangedman_decor_growths,
          kennysheep_generic_room_16
D:4:      kennysheep_goblin_castle, layout_basic, serial_shops,
          nicolae_shop_stone
D:5:      nicolae_cairo_tiling_large, layout_gridville, kennysheep_little_box,
          mainiacjoe_overflow_tiny_flanked
D:7:      nicolae_cairo_tiling_very_big, layout_loops_ring, trog_book,
          mainiacjoe_overflow_six_doors_small, enter_bailey_2
Bailey:   bailey_polearm_vampire_castle_hellmonk, bailey

Skill      XL: |  1  2  3  4  5  6  7  8 |
---------------+-------------------------+-----
Armour         | 3 4 5 6 7 |  7.9
Maces & Flails | 2 3 4 |  4.8
Dodging        | 1 2 3 4 |  4.0
Stealth        | 1 |  1.0
Throwing       | 1 |  1.0
Shields        | 3 |  3.5
Fighting       | 4 |  4.0

Action                     |  1- 3 |  4- 6 |  7- 9 || total
---------------------------+-------+-------+-------++-------
  Melee: Flail             |   150 |   316 |   399 ||   865
  Throw: Stone             |       |     4 |    24 ||    28
         Dart              |       |     1 |       ||     1
  Evoke: Wand              |       |       |     2 ||     2
    Use: Scroll            |       |     2 |       ||     2
         Potion            |       |     2 |     4 ||     6
 Armour: Scale mail        |    60 |   166 |       ||   226
         Ring mail         |       |    18 |   244 ||   262
         Chain mail        |       |     5 |       ||     5
  Dodge: Dodged            |    67 |   193 |   264 ||   524
         Repelled          |       |       |     2 ||     2
  Block: Buckler           |    54 |   177 |   253 ||   484

Table legend: (Time is in decaauts)
 A = Elapsed time spent in this place.
 B = Non-inter-level travel time spent in this place.
 C = Inter-level travel time spent in this place.
 D = Time resting spent in this place.
 E = Time spent auto-exploring this place.
 F = Levels seen in this place.
 G = Mean time per level.
                   A        B        C        D        E       F      G
               +--------+--------+--------+--------+--------+-----+--------+
         Total |   6291 |   5738 |    553 |   1083 |   2058 |   8 |  786.4 |
       Dungeon |   4550 |   3997 |    553 |    375 |   1966 |   6 |  758.3 |
         Sewer |    681 |    681 |      0 |    223 |     83 |   1 |  681.0 |
        Bailey |   1059 |   1059 |      0 |    485 |      9 |   1 | 1059.0 |
               +--------+--------+--------+--------+--------+-----+--------+

Top non-repeatable levels by time:
     D:4: 1358 daAuts
     D:3: 1256 daAuts
  Bailey: 1059 daAuts
     D:1: 907 daAuts
   Sewer: 681 daAuts
     D:2: 655 daAuts
     D:5: 270 daAuts
     D:7: 101 daAuts
